 Dungeon Crawl Stone Soup version 0.17.1-3-g152610e (webtiles) character file.

41323 Lusmu the Spear-Bearer (level 14, -2/108 HPs)
             Began as a Merfolk Ice Elementalist on Mar 16, 2016.
             Was a High Priest of Vehumet.
             Slain by a black mamba (16 damage)
             ... on level 8 of the Lair of Beasts.
             The game lasted 02:16:56 (23848 turns).

Lusmu the Spear-Bearer (Merfolk Ice Elementalist)  Turns: 23848, Time: 02:16:56

Health: -2/108     AC: 23    Str: 15    XL:     14   Next: 14%
Magic:  24/24      EV: 19    Int: 24    God:    Vehumet [*****.]
Gold:   748        SH:  0    Dex: 18    Spells: 3 memorised, 19 levels left

rFire  . . .     SeeInvis .     v - +9 spear of the Boiling Point {holy, rElec Int+3 Dex+4}
rCold  . . .     Clarity  .     l - +0 troll leather armour
rNeg   . . .     SustAt   .     (no shield)
rPois  .         Gourm    .     N - +2 hat {Int+3}
rElec  +         Spirit   .     D - +0 cloak
rCorr  .         Warding  .     V - +0 pair of gloves
rMut   .         Stasis   +     w - +0 pair of boots
MR     +....                    K - amulet of stasis
Stlth  ++++......               W - +5 ring of strength
                                h - +5 ring of protection

@: lethally poisoned (-2 -> -3), icy armour, somewhat resistant to hostile
enchantments, stealthy
A: change form in water, swift swim
a: Renounce Religion


You were on level 8 of the Lair of Beasts.
You worshipped Vehumet.
Vehumet was extremely pleased with you.
You were not hungry.

You visited 3 branches of the dungeon, and saw 18 of its levels.

You collected 838 gold pieces.
You spent 90 gold pieces at shops.

Inventory:

Hand Weapons
 v - the +9 spear of the Boiling Point (weapon) {holy, rElec Int+3 Dex+4}
   (You found it on level 4 of the Dungeon)

   It has been blessed by the Shining One to cause great damage to the undead
   and demons.
   It affects your intelligence (+3).
   It affects your dexterity (+4).
   It insulates you from electricity.
 B - a +0 hand crossbow
Missiles
 g - 193 bolts
Armour
 l - a +0 troll leather armour (worn)
 w - a +0 pair of boots (worn)
 D - a +0 cloak (worn)
 N - a +2 hat of intelligence (worn)
 V - a +0 pair of gloves (worn)
Jewellery
 h - a +5 ring of protection (left hand)
 n - an uncursed ring of protection from cold
 o - an uncursed ring of fire
 K - an amulet of stasis (around neck)
 W - a +5 ring of strength (right hand)
Wands
 a - a wand of fire (5)
 j - a wand of slowing (37)
 F - a wand of confusion (15)
 H - a wand of magic darts (21)
 O - a wand of paralysis (20)
Scrolls
 e - 11 scrolls of remove curse
 i - 4 scrolls of fear
 m - 3 scrolls of enchant armour
 s - 3 scrolls of teleportation
 u - 4 scrolls of magic mapping
 y - 2 scrolls of enchant weapon
 C - a scroll of blinking
 E - 2 scrolls of fog
 I - a scroll of recharging
 Q - a scroll of summoning
Potions
 b - 3 potions of resistance
 d - 3 potions of flight
 k - 3 potions of heal wounds
 p - 2 potions of curing
 q - 5 potions of agility
 t - 3 potions of brilliance
 x - a potion of invisibility
 z - a potion of lignification
 R - a potion of cancellation
Books
 J - a book of Geomancy

   Spells                             Type                      Level
   a - Sandblast                      Earth                        1
   b - Stoneskin                      Transmutation/Earth          2
   c - Passwall                       Transmutation/Earth          3
   d - Stone Arrow                    Conjuration/Earth            3
   e - Petrify                        Transmutation/Earth          4
   f - Lee's Rapid Deconstruction     Earth                        5
Miscellaneous
 P - a fan of gales
Comestibles
 c - 20 bread rations
 f - 3 meat rations
 r - 6 fruits
 A - 4 royal jellies
 G - 4 chunks of flesh


   Skills:
 - Level 9.0 Fighting
 + Level 12.2 Polearms
 - Level 4.0 Armour
 - Level 10.0 Dodging
 - Level 8.2 Stealth
 - Level 7.0 Spellcasting
 * Level 9.6 Conjurations
 - Level 4.0 Charms
 * Level 10.4 Ice Magic
 - Level 7.0 Evocations


You had 19 spell levels left.
You knew the following spells:

 Your Spells              Type           Power        Failure   Level  Hunger
a - Freeze                Ice            ####         1%          1    None
c - Ozocubu's Armour      Chrm/Ice       #####...     1%          3    None
d - Throw Icicle          Conj/Ice       ######..     1%          4    ###....


Dungeon Overview and Level Annotations

Branches:
Dungeon (10/15)            Temple (1/1) D:6            Lair (8/8) D:10
    Orc (0/4) D:10
  Swamp: Lair:3-6    Shoals: Lair:3-6     Snake: Lair:3-6    Spider: Lair:3-6
  Slime: Lair:6-8

Altars:
Ashenzari
Cheibriados
Dithmenos
Elyvilon
Fedhas
Gozag
Kikubaaqudgha
Makhleb
Nemelex Xobeh
Okawaru
Qazlal
Ru
Sif Muna
Trog
Vehumet
Xom
Yredelemnul
Zin
The Shining One

Annotations:
D:3 Sigmund
Lair:5 Kirke


Message History

You feel sick. The wolf spider hits you!
* * * LOW HITPOINT WARNING * * *
The wolf spider misses you.
You feel sick.
The black mamba bites you but does no damage.
The redback bites you but does no damage.
The black mamba misses you.
You feel sick.
The redback bites you but does no damage.
The wolf spider hits you but does no damage.
The wolf spider bites you but does no damage.
You feel sick.
The black mamba bites you but does no damage.
The redback bites you!
* * * LOW HITPOINT WARNING * * *
A spider comes into view.
Read which item? (? for menu, Esc to quit)
You cannot teleport because you are wearing an amulet of stasis.
You feel sick. The black mamba bites you!
You die...

.... #....##....................
P..P #...PP.....S...............
.... ##..P....................PP
..P. ......P.................#...
..P. .Y..PPP...#............#.#P.
P.##.....PPPP...y.....(.....####.
.P##...Y..PPP..#s....P...P### ##
.##.#P...P.P.P..Ss.PP....P.# ###
.#.......P.P.P#.@...P.##.PPP###..
...##.....P.####<.....##.P.P#.#..
P...#....s...........####.P...#.รท
#P..........P.......#.# #.....#..
.P.....P.P.P........#####........
PP..#.P.P.P........###.#.........
...P##..##.......................
...##.##.#..................PPP..
...######..........#....###..PP..


You could see a wolf spider, a hornet, a guardian serpent (wandering), a black
mamba and a redback.

Vanquished Creatures
  Gastronok (D:10)
  A fire dragon (Lair:4)
  5 hydras
  A catoblepas (Lair:4)
  4 death yaks (Lair:2)
  Sonja (D:10)
  The ghost of riffraff the Skirmisher, a novice GrFi of Okawaru (D:7)
  A griffon (Lair:8)
  A hornet (Lair:8)
  6 black mambas
  9 spiny frogs
  A torpor snail (Lair:4)
  4 komodo dragons
  A spriggan druid (Lair:4)
  A fire drake (Lair:4)
  5 trolls
  3 polar bears
  A trapdoor spider (D:10)
  A wraith (D:10)
  13 blink frogs
  A redback (Lair:8)
  2 wyverns (Lair:8)
  A steam dragon (D:9)
  37 yaks
  A spriggan (D:8)
  7 hippogriffs
  2 deep elf magi (D:10)
  A hog (Lair:5)
  3 basilisks
  A fire elemental (Lair:4)
  14 water moccasins
  14 wolves
  8 orc warriors
  3 spiders (Lair:8)
  10 porcupines
  2 phantoms
  4 wasps
  4 black bears
  2 centaurs (D:10)
  An ice beast (D:8)
  2 ogres
  A big kobold (D:10)
  7 crocodiles
  13 giant frogs
  3 scorpions
  6 killer bees (D:8)
  3 lava snakes (Lair:4)
  10 electric eels
  4 crimson imps
  A jelly (D:5)
  2 giant frog zombies
  8 orc priests
  12 hounds
  Crazy Yiuf (D:6)
  2 quasits (D:9)
  A centaur skeleton (D:7)
  A giant frog skeleton (D:6)
  7 orc wizards
  9 iguanas
  8 worker ants
  23 sheep
  2 hound skeletons
  41 river rats
  20 adders
  2 shadow imps
  2 adder zombies
  2 adder skeletons
  3 worms (D:3)
  3 giant geckos
  46 orcs
  5 giant cockroaches
  4 goblins
  9 hobgoblins
  11 kobolds
  6 quokkas
  3 ball pythons
  8 bats
  7 giant newts
  11 jackals
  A quokka zombie (D:8)
  16 rats
505 creatures vanquished.

Vanquished Creatures (collateral kills)
  A death yak (Lair:2)
1 creature vanquished.

Vanquished Creatures (others)
  A river rat (Lair:4)
  An orc (D:9)
  20 fungi
  9 plants
31 creatures vanquished.

Grand Total: 537 creatures vanquished

Notes
Turn   | Place    | Note
--------------------------------------------------------------
     0 | D:1      | Lusmu the Merfolk Ice Elementalist began the quest for the Orb.
     0 | D:1      | Reached XP level 1. HP: 13/13 MP: 3/3
   288 | D:1      | Reached XP level 2. HP: 19/19 MP: 3/5
   829 | D:1      | Reached skill level 4 in Ice Magic
  1148 | D:1      | Reached XP level 3. HP: 5/24 MP: 2/6
  2053 | D:1      | Learned a level 2 spell: Throw Frost
  2057 | D:1      | Learned a level 3 spell: Ozocubu's Armour
  2412 | D:2      | Found a glowing golden altar of the Shining One.
  2556 | D:2      | Reached XP level 4. HP: 27/30 MP: 4/7
  3495 | D:3      | Reached skill level 5 in Ice Magic
  3813 | D:3      | Reached XP level 5. HP: 32/35 MP: 8/8
  4064 | D:3      | Noticed Sigmund
  5199 | D:4      | Got a pitted spear
  5206 | D:4      | Identified the +9 spear of the Boiling Point {holy, rElec Int+3 Dex+4} (You found it on level 4 of the Dungeon)
  5236 | D:4      | Noticed an ogre
  5249 | D:4      | Killed an ogre
  5249 | D:4      | Reached skill level 1 in Polearms
  5249 | D:4      | Reached skill level 1 in Charms
  5249 | D:4      | Reached skill level 6 in Ice Magic
  5249 | D:4      | Reached XP level 6. HP: 11/41 MP: 3/9
  5741 | D:4      | Found a shattered altar of Ashenzari.
  5881 | D:5      | Entered Level 5 of the Dungeon
  6133 | D:5      | Reached XP level 7. HP: 28/46 MP: 10/10
  6301 | D:5      | Reached skill level 7 in Ice Magic
  6373 | D:5      | Reached skill level 1 in Conjurations
  6585 | D:6      | Found an ancient bone altar of Kikubaaqudgha.
  6809 | D:6      | Found Zin's Purification Station.
  6809 | D:6      | Found a glowing silver altar of Zin.
  6972 | D:6      | Bought a potion of curing for 90 gold pieces
  7174 | D:6      | Reached XP level 8. HP: 33/52 MP: 11/11
  7475 | D:6      | Reached skill level 5 in Polearms
  7587 | D:6      | Found a staircase to the Ecumenical Temple.
  7656 | Temple   | Entered the Ecumenical Temple
  7744 | Temple   | Became a worshipper of Vehumet
  7983 | D:6      | Noticed Crazy Yiuf
  7992 | D:6      | Killed Crazy Yiuf
  8149 | D:7      | Noticed riffraff's ghost (novice GrFi)
  8163 | D:7      | Killed riffraff's ghost
  8163 | D:7      | Reached XP level 9. HP: 13/62 MP: 9/12
  8531 | D:7      | Reached skill level 5 in Conjurations
  8752 | D:7      | Reached skill level 5 in Dodging
  9023 | D:7      | Found a sparkling altar of Nemelex Xobeh.
  9026 | D:7      | Found a stormy altar of Qazlal.
  9026 | D:7      | Found a sacrificial altar of Ru.
  9206 | D:8      | Reached * piety under Vehumet
  9206 | D:8      | Offered knowledge of Sandblast by Vehumet.
  9715 | D:8      | Reached skill level 8 in Polearms
 10397 | D:8      | Reached skill level 9 in Polearms
 10397 | D:8      | Reached XP level 10. HP: 11/73 MP: 13/13
 10698 | D:8      | Reached skill level 5 in Fighting
 11029 | D:9      | Learned a level 4 spell: Throw Icicle
 11929 | D:9      | Offered knowledge of Sting by Vehumet.
 12112 | D:9      | Reached ** piety under Vehumet
 12248 | D:10     | Entered Level 10 of the Dungeon
 12296 | D:9      | Reached skill level 10 in Polearms
 12354 | D:10     | Found a staircase to the Lair.
 12405 | D:10     | Reached skill level 1 in Evocations
 12423 | D:10     | Reached skill level 1 in Armour
 12594 | D:10     | Offered knowledge of Mephitic Cloud by Vehumet.
 12638 | D:10     | Reached XP level 11. HP: 50/81 MP: 14/14
 12788 | D:10     | Noticed Sonja
 12914 | D:10     | Reached *** piety under Vehumet
 13280 | D:10     | Found a staircase to the Orcish Mines.
 13304 | D:10     | Offered knowledge of Olgreb's Toxic Radiance by Vehumet.
 13545 | D:10     | Noticed Gastronok
 13605 | D:10     | Killed Gastronok
 13605 | D:10     | Reached skill level 5 in Stealth
 14244 | D:10     | Reached skill level 10 in Dodging
 14598 | D:10     | Reached **** piety under Vehumet
 14663 | D:10     | Killed Sonja
 14663 | D:10     | Reached skill level 5 in Evocations
 14808 | Lair:1   | Entered Level 1 of the Lair of Beasts
 15232 | Lair:1   | Noticed a six-headed hydra
 15262 | Lair:1   | Killed a six-headed hydra
 15262 | Lair:1   | Reached XP level 12. HP: 46/88 MP: 16/16
 15461 | Lair:1   | Offered knowledge of Bolt of Draining by Vehumet.
 17445 | Lair:2   | Reached skill level 5 in Spellcasting
 17770 | Lair:2   | Noticed a four-headed hydra
 17791 | Lair:2   | Killed a four-headed hydra
 17892 | Lair:2   | Found a shimmering altar of Xom.
 18506 | Lair:3   | Reached ***** piety under Vehumet
 18529 | Lair:3   | Offered knowledge of Ozocubu's Refrigeration by Vehumet.
 19191 | Lair:3   | Noticed a death yak
 19193 | Lair:3   | Noticed a death yak
 19193 | Lair:3   | Noticed a death yak
 19194 | Lair:3   | Noticed a death yak
 19207 | Lair:3   | Noticed a death yak
 19284 | Lair:2   | Killed a death yak
 19284 | Lair:2   | Reached XP level 13. HP: 88/101 MP: 23/23
 19313 | Lair:2   | Killed a death yak
 19497 | Lair:2   | Killed a death yak
 19578 | Lair:2   | Killed a death yak
 19589 | Lair:2   | Killed a death yak
 20569 | Lair:4   | Offered knowledge of Orb of Destruction by Vehumet.
 20919 | Lair:4   | Reached skill level 11 in Polearms
 22135 | Lair:5   | Noticed Kirke
 22348 | Lair:5   | You fall through a shaft for 3 floors!
 22348 | Lair:8   | Entered Level 8 of the Lair of Beasts
 23216 | Lair:8   | Reached XP level 14. HP: 93/108 MP: 24/24
 23266 | Lair:8   | Reached skill level 10 in Ice Magic
 23499 | Lair:7   | Reached skill level 12 in Polearms
 23848 | Lair:8   | Slain by a black mamba

Action                   |  1- 3 |  4- 6 |  7- 9 | 10-12 | 13-15 || total
-------------------------+-------+-------+-------+-------+-------++-------
Melee: Unarmed           |    73 |       |       |       |       ||    73
       Dagger            |     1 |       |       |       |       ||     1
       Whip              |    38 |   112 |       |       |       ||   150
       Spear             |       |    35 |   283 |  1243 |   796 ||  2357
 Cast: Freeze            |    26 |    19 |     3 |    25 |    10 ||    83
       Ozocubu's Armour  |       |     1 |     8 |    28 |    20 ||    57
       Throw Frost       |       |     1 |     1 |     8 |     2 ||    12
       Throw Icicle      |       |       |       |     6 |    20 ||    26
 Abil: Evoke Flight      |       |       |       |       |     2 ||     2
Evoke: Wand              |       |       |       |     4 |       ||     4
       Fan of gales      |       |       |       |       |     1 ||     1
  Use: Scroll            |       |     5 |    11 |     2 |     6 ||    24
       Potion            |       |       |     3 |     5 |     1 ||     9
 Stab: Sleeping          |     7 |    13 |     7 |    16 |    12 ||    55
       Distracted        |       |     1 |       |     4 |     5 ||    10
  Eat: Chunk             |     6 |    12 |    11 |    31 |    15 ||    75
       Pizza             |       |       |     2 |     1 |       ||     3
       Fruit             |       |       |       |     2 |     2 ||     4
       Beef jerky        |       |       |       |     1 |     2 ||     3
